 Dungeon Crawl Stone Soup version 0.31-a0-963-ga325b2283a (webtiles) character file.

Game seed: 12501697718562115148

2415 Xavori the Ducker (level 9, -3/99 HPs)
             Began as a Djinni Chaos Knight on Oct 25, 2023.
             Was a Plaything of Xom.
             Slain by a centaur (5 damage)
             ... on level 6 of the Dungeon.
             The game lasted 00:08:12 (10747 turns).

Xavori the Ducker (Djinni Chaos Knight)            Turns: 10747, Time: 00:08:12

Health: -3/99      AC:  6    Str: 16    XL:     9   Next: 76%
Gold:   125        EV: 14    Int: 18    God:    Xom [...*..] SH:  0 Dex: 14

rFire   + + .        a - +0 falchion (chaos)
rCold   x . .        (no shield)
rNeg    . . .        w - +3 leather armour {rPois}
rPois   ∞            (helmet restricted)
rElec   .            p - +0 cloak
rCorr   .            (no gloves)
SInv    .            (boots unavailable)
Will    .....        (no amulet) Stlth
                     t - ring of wizardry
HPRegen 0.36/turn    x - +6 ring of strength
MPRegen 0.00/turn

%: wizardry (x1), infuse magic (-4 HP)
@: berserking, flying, very quick
A: sickness immunity, fire resistance 2, cold vulnerability 1, float, innate
caster, HP casting, extra vitality 1, claws 1, horns 1, clever 1, clumsy 1,
deformed body
a: Renounce Religion


You were on level 6 of the Dungeon.
You worshipped Xom.
You were a favourite toy of Xom.
You visited 1 branch of the dungeon, and saw 7 of its levels.

You collected 287 gold pieces.
You spent 162 gold pieces at shops.

Inventory:

Hand Weapons
 a - a +0 falchion of chaos (weapon)
Armour
 b - a +2 leather armour
 m - the +1 helmet "Etist" {rN+ Int+4}
   (You took it off Robin on level 2 of the Dungeon)

   Int+4:     It affects your intelligence (+4).
   rN+:       It protects you from negative energy.
 p - a +0 cloak (worn)
 w - a +3 leather armour of poison resistance (worn)
Jewellery
 t - a ring of wizardry (left claw)
 x - a +6 ring of strength (right claw)
 A - the ring of Pait {Fire *Slow rN+ rCorr Str+2}
   (You found it on level 6 of the Dungeon)

   [ring of fire]

   Fire:      It enhances your fire magic.
   Str+2:     It affects your strength (+2).
   rF+:       It protects you from fire.
   rC-:       It makes you vulnerable to cold.
   rN+:       It protects you from negative energy.
   rCorr:     It protects you from acid and corrosion.
   *Slow:     It may slow you when you take damage.
 D - a ring of positive energy
Wands
 q - a wand of charming (10)
 y - a wand of polymorph (2)
Scrolls
 c - a scroll of butterflies
 d - a scroll of vulnerability
 e - 4 scrolls of teleportation
 j - 4 scrolls of fog
 l - a scroll of silence
 u - 2 scrolls of blinking
 B - a scroll of acquirement {unknown}
 E - a scroll of identify
Potions
 f - a potion of resistance {unknown}
 g - 2 potions of magic {unknown}
 h - 2 potions of enlightenment {unknown}
 i - 2 potions of cancellation {unknown}
 k - 2 potions of berserk rage
 n - 3 potions of heal wounds
 o - a potion of ambrosia {unknown}
 r - 2 potions of curing {unknown}
 s - 3 potions of haste {unknown}
 v - a potion of might {unknown}
 z - a potion of lignification {unknown}
 C - a potion of attraction {unknown}


   Skills:
 + Level 6.1 Fighting
 + Level 5.5 Long Blades
 + Level 5.2 Armour
 + Level 6.1 Dodging
 * Level 4.6 Spellcasting
 * Level 4.6 Conjurations
 * Level 4.6 Hexes
   Level 0.0 Charms
 * Level 4.6 Summonings
 * Level 4.6 Necromancy
 * Level 4.6 Translocations
 * Level 4.6 Transmutations
 * Level 4.6 Fire Magic
 * Level 4.6 Ice Magic
 * Level 4.6 Air Magic
 * Level 4.6 Earth Magic
 * Level 4.6 Poison Magic


You knew the following spells:

 Your Spells              Type           Power      Damage    Failure   Level
a - Necrotise             Necr           80%        1d8       1%          1
b - Lesser Beckoning      Tloc           40%        N/A       1%          2
c - Static Discharge      Conj/Air       40%        3-5/arc   1%          2
d - Frozen Ramparts       Ice            40%        1d7       3%          3
Your spell library was empty.

Dungeon Overview and Level Annotations

Branches:
Dungeon (7/15)             Temple (0/1) D:4

Altars:
Hepliaklqana
Okawaru
Wu Jian
Zin
The Shining One

Shops:
D:3 ?


Innate Abilities, Weirdness & Mutations

You are immune to sickness and miasma.
You are immune to poison.
Your flesh is very heat resistant. (rF++)
You are vulnerable to cold. (rC-)
You float through the air rather than walking.
You learn spells naturally, not from books.
Your magical power is your life essence.
You have superior vitality. (+4 MHP)
You have sharp fingernails.
You have a pair of small horns on your head.
Your mind is acute. (Int +4, Str/Dex -1)
You are clumsy. (Dex -2)
Armour fits poorly on your strangely shaped body.


Message History

You miss the killer bee. You headbutt the killer bee.
The killer bee is moderately wounded.
The killer bee stings you.
* * * LOW HITPOINT WARNING * * *
The killer bee completely misses you. The centaur closely misses you.
The centaur barely misses you.
Unknown command.
You miss the killer bee. Your headbutt misses the killer bee.
The killer bee is moderately wounded.
The killer bee stings you but does no damage.
The killer bee stings you.
* * * LOW HITPOINT WARNING * * *
The kobold misses you. The centaur hits you.
* * * LOW HITPOINT WARNING * * *
The centaur closely misses you. The killer bee stings you.
* * * LOW HITPOINT WARNING * * *
The killer bee stings you.
* * * LOW HITPOINT WARNING * * *
You slash the killer bee! You headbutt the killer bee.
You kill the killer bee!
The killer bee closely misses you. The centaur barely misses you. x2
The kobold closely misses you.
You feel your dexterity returning.
You slash the killer bee! You burn the killer bee.
The killer bee is almost dead.
The killer bee misses you. The centaur hits you.
* * * LOW HITPOINT WARNING * * *
The centaur kicks you but does no damage.
Unknown command.
You closely miss the killer bee.
The killer bee is almost dead.
The killer bee stings you but does no damage.
The kobold closely misses you. The centaur hits you.
* * * LOW HITPOINT WARNING * * *
The centaur closely misses you. The killer bee closely misses you.
You miss the killer bee.
The killer bee is almost dead.
The killer bee closely misses you. The kobold hits you but does no damage.
The centaur hits you.
You die...

...##.########.##...#..##.....##.
...##..8#..#8..##...#..##.....##.
...###..'..'..###...#..'.......#.
...'.####8.#### #...#..#.......#.
.###<.# ##'##.# #..##..##....###.
.###..###..##'###..##'###....####
.#........#....#........#.....#..
.#........#....†yK.:....+.....#..
.#........#....#@.......#.....#..
.#........#....#c.......#.....#..
.##..###..###+####.###.###'####..
.###########..####.#######..###..
.'..............[.............)..
.#...............................
.#................)...<..........
#########........#.###..##..##...
# ##############..##..##...


You could see a centaur, a killer bee and a kobold.

Vanquished Creatures
  A komodo dragon (D:6)
  Sigmund (D:2)
  A fire bat (D:5)
  A yak (D:6)
  A wyvern (D:5)
  A water moccasin (D:5)
  An ogre (D:5)
  2 centaurs
  A kobold brigand (D:7)
  4 scorpions
  A bullfrog (D:6)
  Dowan (D:4)
  2 killer bees (D:6)
  A jelly (D:6)
  3 orc priests
  5 sleepcaps
  Ijyb (D:5)
  Terence (D:2)
  An iguana (D:6)
  An orc wizard (D:4)
  A gnoll (D:1)
  10 adders
  A shadow imp (D:6)
  2 ufetubi (D:5)
  3 worms
  17 orcs
  6 endoplasms
  9 giant cockroaches
  9 goblins
  9 hobgoblins
  2 quokkas
  5 ball pythons
  3 bats
  3 frilled lizards (D:3)
  14 kobolds
  3 rats
128 creatures vanquished.

Vanquished Creatures (collateral kills)
  Duvessa (D:4)
  Robin (D:2)
  An adder (D:3)
  2 hobgoblins
  A kobold (D:4)
  A bat (D:3)
  8 goblins (D:2)
15 creatures vanquished.

Grand Total: 143 creatures vanquished

Notes
Turn   | Place    | Note
-------+----------+-------------------------------------------
     0 | D:1      | Xavori the Djinni Chaos Knight began the quest for the Orb.
     0 | D:1      | Reached XP level 1. HP: 20/20 MP: 0/0
    20 | D:1      | Reached XP level 2. HP: 14/25 MP: 0/0
   200 | D:1      | Reached XP level 3. HP: 30/30 MP: 0/0
   200 | D:1      | Learned a level 1 spell: Necrotise
   471 | D:1      | XOM: silly message
   747 | D:1      | XOM: divination: detect creatures
   782 | D:1      | XOM: divination: detect items
   947 | D:2      | Reached skill level 1 in Spellcasting
   947 | D:2      | Reached skill level 1 in Conjurations
   947 | D:2      | Reached skill level 1 in Hexes
   947 | D:2      | Reached skill level 1 in Summonings
   947 | D:2      | Reached skill level 1 in Necromancy
   947 | D:2      | Reached skill level 1 in Translocations
   947 | D:2      | Reached skill level 1 in Transmutations
   947 | D:2      | Reached skill level 1 in Fire Magic
   947 | D:2      | Reached skill level 1 in Ice Magic
   947 | D:2      | Reached skill level 1 in Air Magic
   947 | D:2      | Reached skill level 1 in Earth Magic
   947 | D:2      | Reached skill level 1 in Poison Magic
  1219 | D:1      | XOM: divination: detect items
  1496 | D:1      | XOM: divination: detect items
  1538 | D:1      | XOM: silly message
  1624 | D:1      | XOM: silly message
  2266 | D:1      | XOM: summons 2 hostile shadow creatures
  2519 | D:1      | XOM is BORED!
  2519 | D:1      | XOM: stat loss: -3 Dex (11/14)
  3953 | D:1      | XOM is BORED!
  4381 | D:1      | XOM: stat loss: -1 Dex (10/14)
  4639 | D:1      | XOM is BORED!
  5531 | D:1      | XOM: summons 3 hostile shadow creatures
  5604 | D:2      | XOM: stat loss: -1 Str (10/11)
  5726 | D:2      | XOM: give mutations
  5726 | D:2      | Gained mutation: You have sharp fingernails. [Xom's grace]
  5726 | D:2      | Gained mutation: Your mind is acute. (Int +4, Str/Dex -1)
                  | [Xom's grace]
  5726 | D:2      | Gained mutation: You have a pair of small horns on your
                  | head. [Xom's grace]
  5816 | D:2      | Identified the +1 helmet "Etist" {rN+ Int+4}
  5816 | D:2      | Noticed Robin
  5822 | D:2      | Reached XP level 4. HP: 28/35 MP: 0/0
  5826 | D:2      | Killed Robin
  6048 | D:2      | Noticed Sigmund
  6063 | D:2      | XOM: butterfly on damage
  6184 | D:2      | Killed Sigmund
  6185 | D:2      | Reached XP level 5. HP: 36/41 MP: 0/0
  6185 | D:2      | Learned a level 2 spell: Lesser Beckoning
  6185 | D:2      | Reached XP level 6. HP: 41/47 MP: 0/0
  6371 | D:2      | Noticed Terence
  6379 | D:2      | Killed Terence
  6494 | D:2      | XOM: silly message
  6593 | D:3      | XOM: stealth player
  6608 | D:3      | Found a hazy altar of Hepliaklqana.
  6998 | D:3      | Reached XP level 7. HP: 52/52 MP: 0/0
  6998 | D:3      | Learned a level 2 spell: Static Discharge
  7099 | D:3      | XOM: cast spell 'Summon Cactus Giant'
  7227 | D:3      | Found The Oracle's Delphic Readings.
  7232 | D:3      | Bought a scroll of teleportation for 39 gold pieces
  7232 | D:3      | Bought a scroll of blinking for 97 gold pieces
  7232 | D:3      | Bought a scroll of identify for 26 gold pieces
  7656 | D:4      | Found a staircase to the Ecumenical Temple.
  7666 | D:4      | Noticed Duvessa
  7667 | D:4      | Noticed Dowan
  7669 | D:4      | XOM: summons friendly chaos spawn
  7674 | D:4      | Killed Duvessa
  7680 | D:4      | Killed Dowan
  7767 | D:4      | Found an ornate altar of the Wu Jian Council.
  8117 | D:5      | Entered Level 5 of the Dungeon
  8212 | D:5      | Reached XP level 8. HP: 51/58 MP: 0/0
  8365 | D:5      | XOM: enchant monster (good)
  8542 | D:5      | Noticed Ijyb
  8559 | D:5      | XOM: give mutations
  8559 | D:5      | Gained mutation: Armour fits poorly on your strangely
                  | shaped body. [Xom's mischief]
  8559 | D:5      | Gained mutation: You are clumsy. (Dex -2) [Xom's mischief]
  8605 | D:5      | XOM: silly message
  8636 | D:5      | Killed Ijyb
  8758 | D:5      | Reached skill level 5 in Fighting
  8794 | D:5      | Noticed Eustachio
  8794 | D:5      | Eustachio changed into Eustachio the fire bat
  8794 | D:5      | Noticed Eustachio
  8794 | D:5      | XOM: polymorph Eustachio -> Eustachio the fire bat
  8802 | D:5      | Killed Eustachio the fire bat
  8803 | D:5      | Reached skill level 5 in Dodging
  8853 | D:5      | Found a glowing silver altar of Zin.
  8853 | D:5      | Found a glowing golden altar of the Shining One.
  9342 | D:5      | Noticed a wyvern
  9344 | D:5      | XOM: silly message
  9346 | D:5      | XOM: swap monsters
  9348 | D:5      | Killed a wyvern
  9349 | D:5      | Reached XP level 9. HP: 43/65 MP: 0/0
  9349 | D:5      | Learned a level 3 spell: Frozen Ramparts
  9458 | D:5      | XOM: stat loss: -1 Int (17/18)
  9594 | D:6      | Reached skill level 5 in Long Blades
  9633 | D:6      | Found an iron altar of Okawaru.
  9711 | D:6      | Noticed a manticore
  9844 | D:6      | Noticed a komodo dragon
  9865 | D:6      | Killed a komodo dragon
 10027 | D:6      | Identified the ring of Pait {Fire *Slow rN+ rCorr Str+2}
 10090 | D:6      | Reached skill level 5 in Armour
 10227 | D:6      | XOM: 6-stop teleportation journey
 10449 | D:6      | XOM: stat loss: -1 Dex (13/14)
 10735 | D:7      | XOM: noise
 10746 | D:6      | HP: 2/99 [centaur (3)]
 10747 | D:6      | Slain by a centaur

Illustrated notes

Levels and vault maps discovered:
D:1:      roderic_octagonal_star, layout_loops_ring,
          chequers_serial_rivers_large_b
D:2:      layout_basic, hangedman_decor_points, nicolae_houndstooth_variations,
          uniq_sigmund, uniq_terence, uniq_robin
D:3:      kennysheep_big_flooded_room, layout_rooms,
          mainiacjoe_overflow_alcove_1, hangedman_decor_clover_reticule,
          nicolae_nh_oracle_at_delphi
D:4:      layout_basic, nicolae_wu_jian_wuxing_cycle, temple_statues,
          uniq_duvessa
D:5:      layout_gridville, chequers_temple_overflow_statue_of_worship,
          nicolae_hexahallways, minmay_misc_feat_iff, uniq_ijyb, uniq_eustachio
D:6:      minmay_chambers_of_sixes, layout_gridville, kennysheep_little_box
D:7:      layout_rooms

Skill      XL: |  1  2  3  4  5  6  7  8  9 |
---------------+----------------------------+-----
Long Blades    | 3 4 5 |  5.5
Spellcasting   | 1 2 3 4 |  4.6
Conjurations   | 1 2 3 4 |  4.6
Hexes          | 1 2 3 4 |  4.6
Summonings     | 1 2 3 4 |  4.6
Necromancy     | 1 2 3 4 |  4.6
Translocations | 1 2 3 4 |  4.6
Transmutations | 1 2 3 4 |  4.6
Fire Magic     | 1 2 3 4 |  4.6
Ice Magic      | 1 2 3 4 |  4.6
Air Magic      | 1 2 3 4 |  4.6
Earth Magic    | 1 2 3 4 |  4.6
Poison Magic   | 1 2 3 4 |  4.6
Armour         | 2 3 4 5 |  5.2
Dodging        | 3 4 5 6 |  6.1
Fighting       | 4 5 6 |  6.1

Action                     |  1- 3 |  4- 6 |  7- 9 || total
---------------------------+-------+-------+-------++-------
  Melee: Falchion          |    94 |   100 |   264 ||   458
         Headbutt          |     1 |    14 |    66 ||    81
         Punch             |       |     3 |     6 ||     9
         Unarmed           |       |       |    33 ||    33
   Cast: Static Discharge  |       |       |    10 ||    10
         Frozen Ramparts   |       |       |     4 ||     4
    Use: Scroll            |       |     4 |     2 ||     6
         Potion            |       |       |     1 ||     1
   Stab: Sleeping          |     1 |     1 |       ||     2
         Confused          |       |       |     2 ||     2
         Paralysed         |       |       |     4 ||     4
 Armour: Leather armour    |    70 |    62 |   217 ||   349
         Skin              |       |       |    10 ||    10
  Dodge: Dodged            |    71 |    54 |   267 ||   392

Table legend: (Time is in decaauts)
 A = Elapsed time spent in this place.
 B = Non-inter-level travel time spent in this place.
 C = Inter-level travel time spent in this place.
 D = Time resting spent in this place.
 E = Time spent auto-exploring this place.
 F = Levels seen in this place.
 G = Mean time per level.
                   A        B        C        D        E       F      G
               +--------+--------+--------+--------+--------+-----+--------+
         Total |  10777 |  10601 |    176 |   5210 |   4239 |   7 | 1539.6 |
       Dungeon |  10777 |  10601 |    176 |   5210 |   4239 |   7 | 1539.6 |
               +--------+--------+--------+--------+--------+-----+--------+

Top non-repeatable levels by time:
     D:1: 5612 daAuts
     D:5: 1309 daAuts
     D:6: 1275 daAuts
     D:2: 1003 daAuts
     D:4: 854 daAuts
     D:3: 714 daAuts
     D:7: 7 daAuts
